 Seeded DCSS version 0.31.0-11-ge490571c62 (webtiles) character file.

Game seed: 5600527725027867410 (custom seed)

29691 wilfster70 the Severer (level 13, -3/72 HPs)
             Began as a Gargoyle Fighter on Jan 27, 2024.
             Was an Initiate of Gozag.
             Slain by a minotaur
             ... wielding the +12 glaive of Prune {freeze, Prune}
              (24 damage)
             ... on level 2 of the Lair of Beasts.
             The game lasted 00:34:09 (15553 turns).

wilfster70 the Severer (Gargoyle Fighter)          Turns: 15553, Time: 00:34:10

Health: -3/72      AC: 49    Str: 28    XL:     13   Next: 46%
Magic:  13/13      EV: 12    Int: 12    God:    Gozag
Gold:   527        SH:  5    Dex:  9    Spells: 12/12 levels left

rFire   + . .        a - +6 war axe
rCold   + . .        c - +0 buckler
rNeg    + . .        H - +9 scales of the Dragon King {rPois rF+ rC+ Will+}
rPois   ∞            A - +2 helmet {SInv}
rElec   +            e - +2 cloak
rCorr   .            s - +2 pair of gloves
SInv    +            o - +2 pair of boots
Will    +....        L - amulet of regeneration Stlth
                     h - +5 ring of evasion
HPRegen 1.12/turn    F - +6 ring of strength
MPRegen 0.13/turn

%: no passive effects
@: studying Dodging
A: sickness immunity, AC +9, negative energy resistance 1, electricity
resistance, torment resistance 1, petrification resistance
a: Renounce Religion, Potion Petition, Call Merchant, Bribe Branch


You were on level 2 of the Lair of Beasts.
You worshipped Gozag.
Gozag was pleased with you.
You visited 2 branches of the dungeon, and saw 13 of its levels.
You also visited: Sewer.

You collected 3920 gold pieces.
You spent 2619 gold pieces at shops.
You paid 774 gold pieces to Gozag.

Inventory:

Hand Weapons
 a - a +6 war axe (weapon)
 b - the +7 trident "Lun Koes" {freeze, rElec rN+ rCorr Int+2}
   (You found it on level 4 of the Dungeon)

   Int+2:     It affects your intelligence (+2).
   rElec:     It insulates you from electricity.
   rN+:       It protects you from negative energy.
   rCorr:     It protects you from acid and corrosion.
 j - a +0 flail of holy wrath
Armour
 c - a +0 buckler (worn)
 e - a +2 cloak (worn)
 o - a +2 pair of boots (worn)
 s - a +2 pair of gloves (worn)
 A - a +2 helmet of see invisible (worn)
 H - the +9 scales of the Dragon King (worn) {rPois rF+ rC+ Will+}
   (You bought it in a shop on level 5 of the Dungeon)

   rF+:       It protects you from fire.
   rC+:       It protects you from cold.
   rPois:     It protects you from poison Will+: It increases your willpower.
Jewellery
 h - a +5 ring of evasion (left hand)
 F - a +6 ring of strength (right hand)
 L - an amulet of regeneration (around neck)
Wands
 y - a wand of roots (11)
 J - a wand of acid (4)
Scrolls
 g - 3 scrolls of fog
 l - 4 scrolls of fear
 p - 7 scrolls of teleportation
 r - a scroll of identify
 u - 2 scrolls of enchant armour
 w - a scroll of acquirement
 B - a scroll of immolation
 D - 3 scrolls of blinking
 E - a scroll of revelation
 I - a scroll of silence
 K - a scroll of torment
Potions
 d - 3 potions of might
 f - 3 potions of resistance
 i - a potion of attraction {unknown}
 k - 3 potions of ambrosia
 m - 2 potions of invisibility
 n - 7 potions of curing
 q - 2 potions of cancellation {unknown}
 t - 4 potions of heal wounds
 x - 2 potions of berserk rage
 z - a potion of enlightenment
 G - a potion of lignification
Miscellaneous
 v - a sack of spiders


   Skills:
 - Level 5.0 Fighting
 - Level 16.0 Axes
 - Level 10.0 Armour
 + Level 7.0 Dodging
 + Level 8.9 Shields
 + Level 5.2 Evocations


You had 12 spell levels left.
You didn't know any spells.
Your spell library contained the following spells:

 Spells                   Type           Power      Damage    Failure   Level
 Apportation              Tloc           0%         N/A       100%        1
 Foxfire                  Conj/Fire      0%         2x1d4     100%        1
 Necrotise                Necr           0%         1d4       100%        1
 Sandblast                Erth           0%         2d4       100%        1
 Sting                    Conj/Alch      0%         1d3       100%        1
 Summon Small Mammal      Summ           0%         N/A       100%        1
 Call Imp                 Summ           0%         N/A       100%        2
 Mercury Vapours          Alch/Air       0%         N/A       100%        2
 Inner Flame              Hex/Fire       0%         N/A       100%        3
 Passwall                 Erth           0%         N/A       100%        3
 Stone Arrow              Conj/Erth      0%         3d7       100%        3
 Animate Armour           Summ/Erth      0%         N/A       100%        4
 Brom's Barrelling Bould  Conj/Erth      0%         2d3       100%        4
 Flame Wave               Conj/Fire      0%         2d4       100%        4
 Olgreb's Toxic Radiance  Alch           0%         N/A       100%        4
 Petrify                  Alch/Erth      0%         N/A       100%        4
 Sticky Flame             Fire/Alch      0%         2d4       100%        4
 Summon Lightning Spire   Summ/Air       0%         N/A       100%        4
 Alistair's Intoxication  Alch           0%         N/A       100%        5
 Borgnjor's Vile Clutch   Necr/Erth      0%         N/A       100%        5
 Lee's Rapid Deconstruct  Erth           0%         3d4*      100%        5
 Summon Forest            Summ/Tloc      0%         N/A       100%        5
 Eringya's Noxious Bog    Alch           0%         4d6       100%        6
 Starburst                Conj/Fire      0%         6d3       100%        6
 Malign Gateway           Summ/Tloc      0%         N/A       100%        7
 Ozocubu's Refrigeration  Ice            0%         4d7       100%        7
 Spellforged Servitor     Conj/Summ      0%         N/A       100%        7
 Summon Hydra             Summ           0%         N/A       100%        7
 Discord                  Hex            0%         N/A       100%        8
 Lehudib's Crystal Spear  Conj/Erth      0%         10d2      100%        8
 Summon Horrible Things   Summ           0%         N/A       100%        8
 Sublimation of Blood     Necr           Unusable   N/A       N/A         2

Dungeon Overview and Level Annotations

Branches:
Dungeon (11/15)            Temple (0/1) D:5            Lair (2/5) D:8
  Sewer (visited)
  Swamp: Lair:2-3    Shoals: Lair:2-3     Snake: Lair:2-3    Spider: Lair:2-3
    Orc: D:9-12

Altars:
Ashenzari
Elyvilon
Gozag
Kikubaaqudgha
Nemelex Xobeh
Qazlal
Trog
Uskayaw
Vehumet
Yredelemnul

Shops:
D:3 (   D:5 **   D:6 ?   Lair:1 =

Annotations:
D:8 exclusion: downstairs


Innate Abilities, Weirdness & Mutations

You are immune to sickness and miasma.
Your stone body is resilient. (AC +9)
You are immune to poison.
You resist negative energy. (rN+)
You are resistant to electric shocks. (rElec)
You are resistant to unholy torment.
You are immune to petrification.


Message History

The minotaur gores you but does no damage.
You slash the minotaur!
The minotaur is moderately wounded.
You hit the minotaur but do no damage.
The minotaur is moderately wounded.
The minotaur hits you with the +12 glaive of Prune {freeze, Prune}!
The minotaur freezes you.
The minotaur gores you but does no damage.
You hit the minotaur.
The minotaur is heavily wounded.
The minotaur hits you with the +12 glaive of Prune {freeze, Prune}!
The minotaur freezes you. The minotaur gores you.
You hit the minotaur.
The minotaur is heavily wounded.
The minotaur hits you but does no damage.
The minotaur gores you but does no damage.
You hit the minotaur.
The minotaur is heavily wounded.
You hit the minotaur but do no damage.
The minotaur is heavily wounded.
The minotaur hits you but does no damage.
The minotaur gores you but does no damage.
You hit the minotaur.
The minotaur is heavily wounded.
The minotaur hits you but does no damage.
The minotaur gores you but does no damage.
You slice the minotaur!!
The minotaur is severely wounded.
The minotaur hits you with the +12 glaive of Prune {freeze, Prune}!
* * * LOW HITPOINT WARNING * * *
The minotaur freezes you.
* * * LOW HITPOINT WARNING * * *
The minotaur barely misses you.
You hit the minotaur but do no damage.
The minotaur is severely wounded.
You hit the minotaur but do no damage.
The minotaur is severely wounded.
The minotaur hits you with the +12 glaive of Prune {freeze, Prune}!!
You die...
Your body crumbles into a pile of gold.

.................
................. .....
#####...#.###.. # .....
##....###.##.# .#.....
#...........(. .....#
##...#.#########..$.#
#....#.#.# #..#....#
#....#.#..####.#....#
##......##$..H@.'....## #
........#.?.#...'.....#.#.
.........##....#.'.........
..(......#$.##.#.#.........
##..#.#.#.#.....#..#.P##.P
######.#########..####
#P.........).##
####.##..####.# ####.## ##


You could see a minotaur.

Vanquished Creatures
  The ghost of Anumaof the Severer, a journeyman MiBe of Trog (Lair:2)
  2 two-headed ogres
  Erica (D:8)
  A hydra (D:9)
  A centaur warrior (D:9)
  3 ugly things (D:7)
  3 manticores
  2 cyclopes
  7 elephants
  2 black mambas
  4 cane toads (Lair:1)
  A gargoyle (D:7)
  A freezing wraith (D:9)
  A rime drake (Lair:2)
  2 ice devils (D:9)
  4 komodo dragons
  A yaktaur (D:9)
  Jeremiah (D:6)
  A tengu conjurer (D:7)
  A red devil (D:9)
  3 hornets
  A troll (shapeshifter) (D:9)
  A troll (D:9)
  The ghost of Skimidon the Trooper, an amateur DjCK of Xom (D:4)
  Grinder (D:5)
  A polar bear (Lair:2)
  3 vampires
  3 shadows
  18 yaks
  5 wyverns
  A wraith (D:11)
  3 basilisks
  2 steam dragons
  3 vampire mosquitoes (D:7)
  A chaos spawn (D:9)
  2 acid dragons
  10 water moccasins
  3 orc warriors
  3 ice beasts
  6 black bears
  5 sky beasts
  6 ogres
  3 wolves (Lair:1)
  7 centaurs
  2 phantoms
  4 kobold brigands
  5 gnoll sergeants
  8 bullfrogs
  8 scorpions
  4 wights
  21 killer bees
  2 electric eels (D:9)
  9 howler monkeys
  7 hounds
  2 jellies
  3 bombardier beetles
  An orc priest (D:9)
  5 sleepcaps
  3 iguanas
  2 gnoll boudas (D:7)
  7 orc wizards
  10 adders
  19 gnolls
  A shadow imp (D:6)
  2 white imps
  7 dart slugs
  A ribbon worm (D:5)
  39 orcs
  7 bats
  6 endoplasms
  22 giant cockroaches
  9 goblins
  10 hobgoblins
  4 jackals (D:4)
  4 quokkas
  16 ball pythons
  10 frilled lizards
  7 kobolds
  12 rats
411 creatures vanquished.

Vanquished Creatures (others)
  A ball python (Sewer)
  4 kobolds (D:9)
5 creatures vanquished.

Grand Total: 416 creatures vanquished

Notes
Turn   | Place    | Note
-------+----------+-------------------------------------------
     0 | D:1      | wilfster70 the Gargoyle Fighter began the quest for the
                  | Orb.
     0 | D:1      | Reached XP level 1. HP: 14/14 MP: 1/1
    34 | D:1      | Reached skill level 2 in Axes
    57 | D:1      | Reached XP level 2. HP: 16/19 MP: 2/2
   346 | D:1      | Reached XP level 3. HP: 24/24 MP: 3/3
   812 | D:2      | Reached skill level 3 in Axes
  1288 | D:2      | Reached XP level 4. HP: 29/29 MP: 4/4
  1950 | D:3      | Reached XP level 5. HP: 34/34 MP: 5/5
  1956 | D:3      | Found a faded altar of an unknown god.
  2003 | D:3      | Found Obunafeu's Antique Weapon Emporium.
  2383 | D:4      | Reached skill level 4 in Axes
  2442 | D:4      | Reached XP level 6. HP: 40/40 MP: 6/6
  2475 | D:4      | Reached skill level 5 in Fighting
  2541 | D:4      | Reached skill level 5 in Axes
  2636 | D:4      | Reached XP level 7. HP: 32/44 MP: 7/7
  2708 | D:4      | Found a transporter.
  2709 | D:4      | Noticed Skimidon's ghost (amateur DjCK)
  2709 | D:4      | Identified the +2 great mace of Ereohim {flame, rC+}
  2777 | D:5      | Entered Level 5 of the Dungeon
  2787 | D:5      | Reached skill level 6 in Axes
  2795 | D:5      | Found Ruhaijao's Assorted Antiques.
  2993 | D:5      | Found a glowing drain.
  3011 | Sewer    | Entered a sewer
  3275 | Sewer    | Reached skill level 7 in Axes
  3446 | D:5      | Found a hide-covered altar of Uskayaw.
  3477 | D:5      | Found a stormy altar of Qazlal.
  3618 | D:5      | Found an opulent altar of Gozag.
  3626 | D:5      | Became a worshipper of Gozag Ym Sagoz the Greedy
  3698 | D:4      | Reached XP level 8. HP: 16/49 MP: 8/8
  3838 | D:4      | Identified the +7 trident "Lun Koes" {freeze, rElec rN+
                  | rCorr Int+2}
  3982 | D:4      | Reached skill level 8 in Axes
  4351 | D:5      | Noticed Grinder
  4369 | D:5      | Killed Grinder
  4392 | D:5      | Found a staircase to the Ecumenical Temple.
  4421 | D:5      | Reached skill level 9 in Axes
  4575 | D:5      | Found Heischow's General Store.
  4581 | D:5      | Bought a scroll of immolation for 48 gold pieces
  4789 | D:5      | Bought a runed helmet for 150 gold pieces
  5093 | D:6      | Reached skill level 10 in Axes
  5093 | D:6      | Reached XP level 9. HP: 54/54 MP: 9/9
  5253 | D:6      | Reached skill level 11 in Axes
  5355 | D:6      | Reached skill level 12 in Axes
  5384 | D:6      | Reached XP level 10. HP: 44/59 MP: 10/10
  5720 | D:6      | Noticed Jeremiah
  6091 | D:6      | Killed Jeremiah
  6305 | D:6      | Found Ufad's Magic Scroll Shop.
  6314 | D:6      | Bought a scroll of identify for 24 gold pieces
  6314 | D:6      | Bought a scroll of identify for 24 gold pieces
  6314 | D:6      | Bought a scroll of enchant weapon for 90 gold pieces
  6314 | D:6      | Bought a scroll of enchant armour for 90 gold pieces
  6314 | D:6      | Bought a scroll of blinking for 90 gold pieces
  6889 | D:7      | Reached skill level 13 in Axes
  7684 | D:7      | Found a runed translucent door.
  7684 | D:7      | Noticed a gargoyle
  7685 | D:7      | Found a runed translucent door.
  7685 | D:7      | Noticed a cyclops
  7686 | D:7      | Found a runed translucent door.
  7686 | D:7      | Noticed a green ugly thing
  8158 | D:8      | Noticed an elephant
  8159 | D:8      | Found a staircase to the Lair.
  8210 | D:8      | Killed an elephant
  8211 | D:8      | Reached skill level 14 in Axes
  8355 | D:8      | Found the +5 robe of Misfortune {Harm *Corrode *Slow EV+5}
  8363 | D:8      | Reached XP level 11. HP: 55/63 MP: 11/11
  8450 | D:8      | Identified the +1 trident of Shrieking Terror {freeze,
                  | rElec Will+}
  8762 | D:8      | Noticed Erica
  8773 | D:8      | Killed Erica
  8774 | D:8      | Reached skill level 5 in Armour
  8774 | D:8      | Reached skill level 5 in Shields
  9078 | D:9      | Noticed a manticore
  9079 | D:9      | Noticed a centaur warrior
  9227 | D:8      | Killed a manticore
  9601 | D:9      | Killed a centaur warrior
 10019 | D:9      | Noticed a two-headed ogre
 10066 | D:9      | Killed a two-headed ogre
 10067 | D:9      | Reached skill level 15 in Axes
 10601 | D:9      | Noticed a four-headed hydra
 10839 | D:9      | Killed a 13-headed hydra
 10840 | D:9      | Reached XP level 12. HP: 26/68 MP: 12/12
 11144 | D:9      | Got Sif Muna's Atlas of Conflagration and Talus
 11398 | D:5      | Bought the +9 scales of the Dragon King {rPois rF+ rC+
                  | Will+} for 1497 gold pieces
 11398 | D:5      | Found the +9 scales of the Dragon King {rPois rF+ rC+
                  | Will+}
 11627 | D:9      | Found a basalt altar of Yredelemnul.
 11637 | D:9      | Found a bloodstained altar of Trog.
 11637 | D:9      | Found a white marble altar of Elyvilon.
 11650 | D:9      | Found a radiant altar of Vehumet.
 11656 | D:9      | Found an ancient bone altar of Kikubaaqudgha.
 11695 | D:10     | Entered Level 10 of the Dungeon
 11792 | D:10     | Found a broken altar of Ashenzari.
 11812 | D:10     | Found a sparkling altar of Nemelex Xobeh.
 11848 | D:10     | Noticed a two-headed ogre
 11862 | D:10     | Killed a two-headed ogre
 11863 | D:10     | Reached skill level 16 in Axes
 11933 | D:10     | Identified a scroll of acquirement
 11935 | D:10     | Acquired 599 gold pieces
 12247 | D:5      | Bought a viscous green potion for 18 gold pieces
 12247 | D:5      | Bought a pair of runed gloves for 150 gold pieces
 12247 | D:5      | Bought a viscous green potion for 18 gold pieces
 12736 | D:7      | Reached skill level 10 in Armour
 12803 | D:7      | Reached skill level 1 in Dodging
 12806 | D:7      | Reached skill level 1 in Evocations
 12873 | D:7      | Got the Information on Blazing Sidekicks
 12874 | D:7      | Identified the +5 chain mail "Jianimp" {+Inv}
 13096 | D:4      | Found a transporter.
 13107 | D:4      | Killed Skimidon's ghost
 14505 | Lair:1   | Entered Level 1 of the Lair of Beasts
 14556 | Lair:1   | Reached XP level 13. HP: 72/72 MP: 13/13
 14637 | Lair:1   | Reached skill level 5 in Dodging
 14975 | Lair:1   | Bought an amulet of regeneration for 420 gold pieces
 15408 | Lair:2   | Reached skill level 5 in Evocations
 15420 | Lair:2   | Noticed Anumaof's ghost (journeyman MiBe)
 15421 | Lair:2   | Noticed a minotaur
 15442 | Lair:2   | Found a runed translucent gate.
 15442 | Lair:2   | Found a runed translucent gate.
 15442 | Lair:2   | Found a runed translucent gate.
 15506 | Lair:2   | Killed Anumaof's ghost
 15553 | Lair:2   | Slain by a minotaur

Illustrated notes

Levels and vault maps discovered:
D:1:      minmay_arrival_four_houses, layout_basic, minmay_split_cup_small
D:2:      layout_basic, minmay_crystal_room, nicolae_figureground_sparkle
D:3:      minmay_roachtagon, layout_basic,
          chequers_ecumenical_altar_simple_redux, serial_shops, shop
D:4:      layout_basic, gammafunk_ghost_smash, st_stairs_5
D:5:      layout_basic, mainiacjoe_overflow_two_lobes,
          lemuel_coloured_pillars_altar, minmay_temple_entry_mist, serial_shops,
          nicolae_shop_pleasant_corner_grove, nicolae_inconvenience_store,
          gup_sewer_entry_bubbles, serial_glass, glass_columns_c,
          glass_columns_a, due_unseen_surprise, feat_on_display,
          item_on_display_a, uniq_grinder
D:6:      cheibrodos_fzero, layout_loops_corners, serial_shops, shop,
          minmay_manual_maat, uniq_jeremiah
D:7:      minmay_the_grid_triangle_9x9_rhombus_full
          [minmay_the_grid_triangle_9x9_semitri,
          minmay_the_grid_triangle_9x9_alien,
          minmay_the_grid_triangle_9x9_intruding_spiral,
          minmay_the_grid_triangle_9x9_impossible_snake,
          minmay_the_grid_triangle_9x9_cache,
          minmay_the_grid_triangle_9x9_fully_insulated_deathbox,
          minmay_the_grid_triangle_9x9_corrupted_corridor,
          minmay_the_grid_triangle_9x9_prize_insulated], layout_cave_pools,
          minmay_misc_feat_enclosed
D:8:      layout_basic, david_lair_generic, uniq_erica
D:9:      nzn_winding_woodlands_stair_cross [nzn_winding_woodlands_5x15_zeroes,
          nzn_winding_woodlands_center_diamonds,
          nzn_winding_woodlands_5x15_river_crossing,
          nzn_winding_woodlands_5x5_perimeter, nzn_winding_woodlands_5x5_three,
          nzn_winding_woodlands_5x15_eye,
          nzn_winding_woodlands_center_pierced_h,
          nzn_winding_woodlands_5x15_lazy_stream], layout_long_grid,
          minmay_overflow_temple_star_hex, serial_demonic, serial_demonic_c,
          serial_demonic_g, serial_demonic_c, serial_demonic_g
D:10:     layout_long_grid, ashenzari_altar_1, lemuel_crystal_altar
D:11:     layout_stronghold
Lair:1:   layout_chaotic_city, grunt_megastairs_2
Lair:2:   dreamdust_labyrinth, layout_long_grid, maelrawn_ghost_gauntlet_escape,
          uniq_nergalle

Skill      XL: |  1  2  3  4  5  6  7  8  9 10 11 12 13 |
---------------+----------------------------------------+-----
Axes           | 2 3 4 5 7 10 12 14 15 16 | 16.0
Fighting       | 4 5 |  5.0
Shields        | 4 6 7 8 |  8.9
Armour         | 4 7 10 | 10.0
Dodging        | 4 7 |  7.0
Evocations     | 3 5 |  5.2

Action                     |  1- 3 |  4- 6 |  7- 9 | 10-12 | 13-15 || total
---------------------------+-------+-------+-------+-------+-------++-------
  Melee: War axe           |   132 |   186 |   432 |   821 |   199 ||  1770
         Trident           |       |       |       |    24 |       ||    24
 Invoke: Call Merchant     |       |       |       |       |     1 ||     1
  Evoke: Wand              |       |       |       |     1 |       ||     1
    Use: Scroll            |       |     1 |     9 |    14 |       ||    24
   Stab: Distracted        |       |       |     1 |     3 |     1 ||     5
 Armour: Scale mail        |    41 |    80 |   202 |    16 |       ||   339
         Chain mail        |    61 |    51 |       |       |       ||   112
         Plate armour      |       |       |       |   588 |       ||   588
         Gold dragon scale |       |       |       |   113 |   147 ||   260
  Dodge: Dodged            |    58 |   119 |   286 |   445 |    92 ||  1000
  Block: Buckler           |    31 |    45 |   113 |   188 |    35 ||   412
